 Dungeon Crawl Stone Soup version 0.25-a0-566-g062765be81 (webtiles) character file.

Game seed: 9814674278983945569, levelgen mode: deterministic

19249 Flugslaktarn the Cleaver (level 12, 0/112 HPs)
             Began as a Deep Dwarf Fighter on Feb 28, 2020.
             Was an Elder of Makhleb.
             Slain by a 14-headed hydra (9 damage)
             ... on level 3 of the Lair of Beasts.
             The game lasted 00:06:12 (6964 turns).

Flugslaktarn the Cleaver (Deep Dwarf Fighter)       Turns: 6964, Time: 00:06:13

Health: 0/112      AC: 25    Str: 25    XL:     12   Next: 34%
Magic:  11/11      EV:  7    Int: 13    God:    Makhleb [****..]
Gold:   462        SH: 12    Dex: 12    Spells: 11/11 levels left

rFire    . . .     SeeInvis +   g - +1 war axe (freeze)
rCold    . . .     Gourm    .   c - +0 kite shield
rNeg     . . .     Faith    .   A - +7 chain mail of the Forsaken Wonders {Int+4}
rPois    .         Spirit   .   y - +0 helmet
rElec    .         Reflect  .   t - +1 cloak
rCorr    .         Harm     .   x - +0 pair of gloves
MR       +....                  m - +0 pair of boots
Stlth    ..........             B - amulet of rage
HPRegen  0.00/turn              j - +1 ring of slaying
MPRegen  0.12/turn              i - ring of see invisible

@: non-regenerating
A: damage resistance, heal wounds, sense surroundings 2, no regeneration
a: Heal Wounds, Minor Destruction, Lesser Servant of Makhleb, Major Destruction,
Renounce Religion, Evoke Berserk Rage


You were on level 3 of the Lair of Beasts.
You worshipped Makhleb.
Makhleb was greatly pleased with you.
You were not hungry.

You visited 3 branches of the dungeon, and saw 14 of its levels.

You collected 615 gold pieces.
You spent 153 gold pieces at shops.

Inventory:

Hand Weapons
 g - a +1 war axe of freezing (weapon)
   (You took it off an orc on level 4 of the Dungeon)
Missiles
 o - a throwing net (quivered)
Armour
 b - a +0 scale mail
 c - a +0 kite shield (worn)
 m - a +0 pair of boots (worn)
   (You found it on level 2 of the Dungeon)
 t - a +1 cloak (worn)
   (You found it on level 1 of the Dungeon)
 x - a +0 pair of gloves (worn)
   (You found it on level 2 of the Lair of Beasts)
 y - a +0 helmet (worn)
   (You found it on level 7 of the Dungeon)
 A - the +7 chain mail of the Forsaken Wonders (worn) {Int+4}
   (You found it on level 7 of the Dungeon)

   It affects your intelligence (+4).
   If you remove this armour, your AC will decrease by 19 (25 -> 6).
Jewellery
 i - a ring of see invisible (right hand)
   (You found it on level 4 of the Dungeon)
 j - a +1 ring of slaying (left hand)
   (You bought it in a shop on level 5 of the Dungeon)
 B - an amulet of rage (around neck)
   (You found it on level 7 of the Dungeon)
Wands
 v - a wand of digging (9)
   (You found it on level 10 of the Dungeon)
 G - a wand of iceblast (7)
   (You found it on level 8 of the Dungeon)
 H - a wand of paralysis (15)
   (You found it on level 9 of the Dungeon)
 I - a wand of acid (4)
   (You found it on level 10 of the Dungeon)
 M - a wand of enslavement (11)
   (You found it on level 1 of the Lair of Beasts)
Scrolls
 f - a scroll of fog
 k - a scroll of immolation
 s - 2 scrolls of magic mapping
 z - a scroll of blinking
 C - 5 scrolls of enchant armour
 E - 3 scrolls of remove curse
 K - a scroll of enchant weapon
Potions
 d - 3 potions of might
 h - 2 potions of haste
 l - 4 potions of stabbing
 n - 6 potions of brilliance
 p - 5 potions of lignification
 q - 8 potions of curing
 w - a potion of heal wounds
 F - 2 potions of ambrosia
 J - 2 potions of invisibility
Comestibles
 a - 4 chunks of flesh
 e - 36 rations


   Skills:
 + Level 8.5 Fighting
 * Level 13.2 Axes
 + Level 10.1 Armour
 + Level 10.2 Shields
 + Level 9.0 Invocations


You had 11 spell levels left.
You didn't know any spells.
Your spell library was empty.

Dungeon Overview and Level Annotations

Branches:
Dungeon (10/15)            Temple (1/1) D:7            Lair (3/6) D:10
 Spider (0/4) Lair:2
  Swamp: Lair:2-4    Shoals: Lair:2-4       Orc: D:9-12

Altars:
Ashenzari
Cheibriados
Elyvilon
Fedhas
Gozag
Kikubaaqudgha
Makhleb
Nemelex Xobeh
Okawaru
Qazlal
Sif Muna
Trog
Vehumet
Wu Jian
Xom
Zin
The Shining One

Shops:
D:5 ?:=}=   D:9 =


Innate Abilities, Weirdness & Mutations

You are resistant to damage.
You can heal yourself by infusing magical energy.
You passively map the area around you.
You do not regenerate.


Message History

Press: ? - help, Shift-Dir - straight line, f - blink frog
Aim: a blink frog (severely wounded, fleeing)
The bolt of acid misses the blink frog.
The blink frog blinks! x2
Evoke which item? (* to show all) (? for menu, Esc to quit)
Aiming: Corrosive Bolt
Press: ? - help, Shift-Dir - straight line, f/p - blink frog
Aim: a blink frog (severely wounded, fleeing)
The bolt of acid hits the 14-headed hydra!
The 14-headed hydra is splashed with acid.
The acid corrodes the 14-headed hydra!
The 14-headed hydra is moderately wounded.
The blink frog blinks!
A wyvern comes into view.
You block the 14-headed hydra's attack. The 14-headed hydra bites you!
* * * LOW HITPOINT WARNING * * *
The 14-headed hydra bites you but does no damage.
The 14-headed hydra barely misses you. x3
The 14-headed hydra bites you but does no damage.
The 14-headed hydra bites you!
You die...

##.##..####.##..........##
..#.#.#.................P#
#.#.#.#.###÷###.........##
#.D..#..#P...P#...§.....#
#.##....#.###.#....<....#
'D#####.#.#.#.#..........#*
#.# ..#.#'#.#...........#
#..# ,#.#P...P#.DF....<...#
#.#.# #.#######.@........##
..............§..........#
* *
...,.......#FSP..........#
** ....
.........##.......... ,
...,...,....P*###...... ***
,.>.P. * #..... ,, , , ....
*#...., * ,, ..l, * #... *
, , , , ,


You could see a 14-headed hydra, a black mamba, a spiny frog, a blink frog
(fleeing) and a wyvern.

Vanquished Creatures
  Gastronok (D:10)
  5 death yaks (Lair:2)
  An orb spider (Lair:2)
  An elephant (Lair:3)
  Psyche (D:8)
  A spiny frog (Lair:2)
  A kobold demonologist (D:9)
  4 komodo dragons
  A blink frog (Lair:3)
  5 hippogriffs
  2 wyverns
  19 yaks
  4 basilisks
  2 steam dragons (D:6)
  5 water moccasins
  Duvessa (D:7)
  8 porcupines
  A black bear (D:6)
  2 ice beasts (D:8)
  An orc warrior (D:8)
  3 sky beasts
  6 ogres
  4 centaurs
  2 phantoms
  4 crocodiles
  6 bullfrogs
  10 big kobolds
  Dowan (D:7)
  3 scorpions
  3 wights (D:8)
  2 howler monkeys (D:8)
  5 crimson imps
  A bullfrog zombie (D:5)
  A bullfrog skeleton (D:7)
  2 hounds
  2 centaur skeletons
  7 orc priests
  A gnoll shaman (D:4)
  5 iguanas
  10 orc wizards
  4 worker ants
  A killer bee zombie (D:9)
  A hound zombie (D:9)
  A worker ant zombie (D:7)
  6 adders
  5 gnolls (D:4)
  2 howler monkey skeletons
  5 shadow imps
  An adder skeleton (D:4)
  2 worms (D:2)
  3 dart slugs
  3 leopard geckos
  22 orcs
  4 giant cockroaches
  10 goblins
  6 hobgoblins
  3 quokkas
  A bat (D:2)
  A frilled lizard (D:2)
  A jackal skeleton (D:4)
  30 kobolds
  12 kobold skeletons (D:9)
  6 kobold zombies (D:9)
  A leopard gecko skeleton (D:6)
  2 rats
  A butterfly (Lair:2)
278 creatures vanquished.

Vanquished Creatures (collateral kills)
  A hydra (Lair:2)
  A water moccasin (Lair:2)
2 creatures vanquished.

Vanquished Creatures (others)
  4 plants
4 creatures vanquished.

Grand Total: 284 creatures vanquished

Notes
Turn   | Place    | Note
-------+----------+-------------------------------------------
     0 | D:1      | Flugslaktarn the Deep Dwarf Fighter began the quest for the
                  | Orb.
     0 | D:1      | Reached XP level 1. HP: 20/20 MP: 1/1
    80 | D:1      | Reached XP level 2. HP: 17/27 MP: 2/2
   248 | D:2      | Reached skill level 3 in Axes
   250 | D:2      | Reached XP level 3. HP: 26/33 MP: 3/3
   271 | D:2      | You fall into a shaft and drop 2 floors!
   409 | D:2      | Reached XP level 4. HP: 37/42 MP: 3/3
   728 | D:4      | Reached skill level 4 in Axes
   728 | D:4      | Reached XP level 5. HP: 22/49 MP: 4/4
   990 | D:4      | Reached XP level 6. HP: 53/56 MP: 4/4
  1124 | D:5      | Entered Level 5 of the Dungeon
  1128 | D:5      | Found Litwong's Gadget Emporium.
  1184 | D:5      | Found Irin's Jewellery Shop.
  1189 | D:5      | Found Bueschom's Book Shop.
  1192 | D:5      | Bought a +1 ring of slaying for 78 gold pieces
  1199 | D:5      | Found Tuikh's Magic Scroll Emporium.
  1213 | D:5      | Noticed a sky beast
  1222 | D:5      | Killed a sky beast
  1222 | D:5      | Reached skill level 5 in Axes
  1227 | D:5      | Bought a scroll of blinking for 75 gold pieces
  1297 | D:5      | Reached skill level 5 in Shields
  1297 | D:5      | Reached XP level 7. HP: 44/64 MP: 5/5
  1305 | D:5      | Reached skill level 5 in Armour
  1425 | D:5      | Reached skill level 6 in Axes
  1460 | D:5      | Found Nuje's Jewellery Shop.
  1860 | D:6      | Noticed a steam dragon
  1871 | D:6      | Killed a steam dragon
  1871 | D:6      | Reached XP level 8. HP: 28/73 MP: 4/4
  1889 | D:6      | Reached skill level 7 in Axes
  2081 | D:6      | Found a snail-covered altar of Cheibriados.
  2197 | D:6      | Reached skill level 5 in Fighting
  2503 | D:7      | Noticed Duvessa
  2517 | D:7      | Killed Duvessa
  2517 | D:7      | Reached skill level 8 in Axes
  2523 | D:7      | Noticed Dowan
  2538 | D:7      | Killed Dowan
  2713 | D:7      | Gained mutation: You passively map the area around you.
                  | [Deep Dwarf growth]
  2713 | D:7      | Reached XP level 9. HP: 64/81 MP: 4/4
  2825 | D:7      | Got a smelly chain mail
  2836 | D:7      | Identified the +7 chain mail of the Forsaken Wonders
                  | {Int+4} (You found it on level 7 of the Dungeon)
  2899 | D:7      | Found a staircase to the Ecumenical Temple.
  2919 | Temple   | Entered the Ecumenical Temple
  3013 | Temple   | Became a worshipper of Makhleb the Destroyer
  3379 | D:8      | Reached skill level 1 in Invocations
  3485 | D:8      | Noticed Psyche
  3503 | D:8      | Reached skill level 9 in Axes
  3519 | D:8      | Killed Psyche
  3535 | D:8      | Reached * piety under Makhleb
  4042 | D:9      | Reached XP level 10. HP: 69/91 MP: 8/8
  4044 | D:9      | Found Sior's Jewellery Boutique.
  4071 | D:9      | Reached skill level 10 in Axes
  4248 | D:9      | Reached ** piety under Makhleb
  4304 | D:9      | Found an ancient bone altar of Kikubaaqudgha.
  4376 | D:9      | Reached *** piety under Makhleb
  4437 | D:9      | Reached skill level 5 in Invocations
  4606 | D:9      | Found a glowing golden altar of the Shining One.
  4796 | D:10     | Entered Level 10 of the Dungeon
  4890 | D:10     | Found a staircase to the Lair.
  4906 | D:10     | Reached skill level 11 in Axes
  4958 | D:10     | Found a glowing silver altar of Zin.
  5227 | D:10     | Noticed Gastronok
  5247 | D:10     | Killed Gastronok
  5247 | D:10     | Reached XP level 11. HP: 79/100 MP: 9/9
  5252 | D:10     | Found a bloodstained altar of Trog.
  5345 | Lair:1   | Entered Level 1 of the Lair of Beasts
  5400 | Lair:1   | Reached **** piety under Makhleb
  5473 | Lair:1   | Reached skill level 12 in Axes
  6040 | Lair:2   | Noticed a death yak
  6040 | Lair:2   | Noticed a death yak
  6040 | Lair:2   | Noticed a death yak
  6041 | Lair:2   | Noticed a death yak
  6041 | Lair:2   | Noticed a death yak
  6047 | Lair:2   | Killed a death yak
  6054 | Lair:2   | Killed a death yak
  6063 | Lair:2   | Killed a death yak
  6066 | Lair:2   | Killed a death yak
  6082 | Lair:2   | Killed a death yak
  6082 | Lair:2   | Reached XP level 12. HP: 108/110 MP: 12/12
  6286 | Lair:2   | Found a hole to the Spider Nest.
  6511 | Lair:2   | Reached skill level 13 in Axes
  6511 | Lair:2   | Reached skill level 10 in Shields
  6560 | Lair:2   | Noticed a six-headed hydra
  6575 | Lair:2   | Killed a nine-headed hydra
  6575 | Lair:2   | Reached skill level 10 in Armour
  6921 | Lair:3   | Noticed a six-headed hydra
  6921 | Lair:3   | Noticed an eight-headed hydra
  6964 | Lair:3   | Slain by a 14-headed hydra

Levels and vault maps discovered:
D:1:      dpeg_arrival_simpleton_c, layout_rooms
D:2:      layout_loops_ring, marbit_many_paths, chequers_big_river
D:3:      layout_basic
D:4:      layout_basic
D:5:      layout_basic, serial_shops, shop, shop_fountains, shop_coins, shop,
          kennysheep_mini, first_ration
D:6:      cheibrodos_steamvent, layout_basic, basic_altar, minmay_ogre_servants
D:7:      layout_basic, minmay_temple_entry_statues_fountains, uniq_duvessa
D:8:      layout_basic, blue_anna_alchemist [blue_anna_fruit_fields,
          blue_anna_fruit_fields], uniq_psyche
D:9:      wander_kiku_kobolds, layout_irregular_city, kennysheep_mini_moat,
          serial_shops, shop_fountains, minmay_strange_pillars,
          kennysheep_generic_room_15
D:10:     layout_roguey, minmay_lair_entry_grove, basic_altar,
          david_defended_altar_orc, uniq_gastronok
Temple:   regret_index_temple_chain_breaker
Lair:1:   layout_chaotic_city, lemuel_fruit_tree, lemuel_fruit_fields
Lair:2:   layout_misc_corridors, nicolae_spider_entry_orb_guardian,
          guppyfry_lair_drakes, lemuel_fruit_fields, lemuel_fruit_fields
Lair:3:   layout_cave_pods, ebering_ghost_funeral_grove, minmay_shattered_shrine

Skill      XL: |  1  2  3  4  5  6  7  8  9 10 11 12 |
---------------+-------------------------------------+-----
Axes           | 3 4 5 6 8 9 11 12 13 | 13.2
Fighting       | 3 4 5 6 7 8 |  8.5
Armour         | 4 5 6 7 8 9 10 | 10.1
Shields        | 4 5 6 7 8 9 10 | 10.2
Invocations    | 4 6 8 9 |  9.0

Action                   |  1- 3 |  4- 6 |  7- 9 | 10-12 || total
-------------------------+-------+-------+-------+-------++-------
Melee: War axe           |    70 |   113 |   361 |   451 ||   995
Invok: Lesser Servant of |       |       |       |     3 ||     3
 Abil: Heal Wounds       |     2 |     6 |    14 |     5 ||    27
Evoke: Wand              |       |       |       |     2 ||     2
  Use: Scroll            |       |     6 |     6 |    10 ||    22
 Stab: Distracted        |       |       |       |     1 ||     1
  Eat: Chunk             |       |     1 |    10 |    10 ||    21
Armor: Scale mail        |    30 |    55 |    65 |       ||   150
       Chain mail        |       |       |   106 |   346 ||   452
Dodge: Dodged            |    17 |    52 |    81 |   114 ||   264
Block: Kite shield       |    28 |    72 |   190 |   296 ||   586

Table legend:
 A = Non-vault XP
 B = Vault XP
 C = Vault XP percentage of total XP
 D = Non-vault monster count
 E = Vault monster count
 F = Vault count percentage of total count
                 A         B        C        D         E       F
            +---------+---------+-------+---------+---------+-------
      Total |   18572 |    8927 |  32.5 |     188 |      91 |  32.6
            +---------+---------+-------+---------+---------+-------
        D:1 |      19 |       0 |   0.0 |       8 |       0 |   0.0
        D:2 |      49 |       0 |   0.0 |      11 |       0 |   0.0
        D:3 |       6 |       0 |   0.0 |       3 |       0 |   0.0
        D:4 |     329 |       0 |   0.0 |      21 |       0 |   0.0
        D:5 |     839 |       0 |   0.0 |      14 |       0 |   0.0
        D:6 |     535 |     491 |  47.9 |       9 |      11 |  55.0
        D:7 |     431 |     225 |  34.3 |      13 |       2 |  13.3
        D:8 |    2006 |     522 |  20.6 |      41 |       2 |   4.7
        D:9 |    1207 |    1276 |  51.4 |      18 |      53 |  74.6
       D:10 |     650 |    4224 |  86.7 |       8 |      16 |  66.7
     Lair:1 |    4200 |       0 |   0.0 |      21 |       0 |   0.0
     Lair:2 |    7929 |    1291 |  14.0 |      20 |       4 |  16.7
     Lair:3 |     372 |     898 |  70.7 |       1 |       3 |  75.0
            +---------+---------+-------+---------+---------+-------
